 Dungeon Crawl Stone Soup version 0.18-a0-1040-g4865665 (webtiles) character file.

854 Reinor the Quickloader (level 7, -1/55 HPs)
             Began as a Centaur Hunter on Jan 10, 2016.
             Was a Follower of the Shining One.
             Slain by a sky beast (2 damage)
             ... on level 6 of the Dungeon.
             The game lasted 00:26:17 (5997 turns).

Reinor the Quickloader (Centaur Hunter)             Turns: 5997, Time: 00:26:17

Health: -1/55      AC:  6    Str: 14    XL:     7   Next: 70%
Magic:  8/8        EV:  9    Int: 10    God:    the Shining One [*.....]
Gold:   287        SH:  0    Dex: 12    Spells: 1 memorised, 4 levels left

rFire  . . .     SeeInvis .     a - +1 hand crossbow
rCold  + . .     Gourm    .     c - +0 leather armour
rNeg   . . .     Faith    .     (no shield)
rPois  .         Spirit   .     e - +1 helmet
rElec  .         Dismiss  .     (no cloak)
rCorr  .         Reflect  .     (no gloves)
SustAt .         Harm     .     (no barding)
MR     .....                    (no amulet)
Stlth  +.........               t - ring of protection from cold
                                h - ring of flight

@: glowing, very quick, not resistant to hostile enchantments, very unstealthy
A: hooves 3, deformed body, speed 2, tough skin 3
a: Renounce Religion, Evoke Flight


You were on level 6 of the Dungeon.
You worshipped the Shining One.
The Shining One was aware of your devotion.
You were not hungry.

You visited 1 branch of the dungeon, and saw 6 of its levels.

You collected 287 gold pieces.

Inventory:

Hand Weapons
 a - a +1 hand crossbow (weapon)
 y - a +3 spear
Missiles
 d - 13 bolts (quivered)
Armour
 c - a +0 leather armour (worn)
 e - a +1 helmet (worn)
Jewellery
 h - a ring of flight (left hand)
 t - a ring of protection from cold (right hand)
Wands
 m - a wand of enslavement (21/24)
Scrolls
 i - 2 scrolls of remove curse
 k - a scroll of magic mapping
 o - 3 scrolls of blinking
 x - a scroll of amnesia
Potions
 q - 3 potions of curing
 r - a potion of haste
 v - a potion of agility
Books
 n - a book of Air

   Spells                             Type                      Level
   a - Shock                          Conjuration/Air              1
   b - Swiftness                      Charms/Air                   2
   c - Repel Missiles                 Charms/Air                   2
   d - Static Discharge               Conjuration/Air              3
   e - Lightning Bolt                 Conjuration/Air              5
 u - a book of Callings

   Spells                             Type                      Level
   a - Summon Small Mammal            Summoning                    1
   b - Call Imp                       Summoning                    2
   c - Call Canine Familiar           Summoning                    3
   d - Summon Guardian Golem          Hexes/Summoning              3
   e - Summon Lightning Spire         Summoning/Air                4
   f - Summon Ice Beast               Ice/Summoning                4
Comestibles
 b - a chunk of flesh
 f - 6 bread rations
 g - 4 beef jerkies
 j - 2 slices of pizza
 l - a royal jelly
 z - a meat ration


   Skills:
 - Level 2.0 Fighting
 - Level 10.0 Crossbows
 - Level 0.1 Armour
 - Level 1.3 Dodging
 - Level 0.5 Stealth
 + Level 2.2 Evocations


You had 4 spell levels left.
You knew the following spells:

 Your Spells              Type           Power        Failure   Level  Hunger
a - Repel Missiles        Chrm/Air       #.....       75%         2    ###....


Dungeon Overview and Level Annotations

Branches:
Dungeon (6/15)             Temple (0/1) D:5

Altars:
Ashenzari
Elyvilon
Fedhas
Makhleb
Vehumet
Xom
Zin
The Shining One


Innate Abilities, Weirdness & Mutations

You have hooves in place of feet.
Armour fits poorly on your strangely shaped body.
You cover ground very quickly.
You have extremely tough skin (AC +3).


Message History

Press: ? - help, Shift-Dir - straight line, f/p - sky beast
Aim: a sky beast (lightly wounded, slightly transparent, haloed)
You shoot a bolt. The bolt hits the sky beast.
The sky beast is lightly wounded.
The sky beast barely misses you.
Firing (i - inventory):
d - 15 bolts (quivered)
Press: ? - help, Shift-Dir - straight line, f/p - sky beast
Aim: a sky beast (lightly wounded, slightly transparent, haloed)
You shoot a bolt. The bolt closely misses the sky beast.
The sky beast hits you.
* * * LOW HITPOINT WARNING * * *
The sky beast shocks you.
* * * LOW HITPOINT WARNING * * *
Firing (i - inventory):
d - 14 bolts (quivered)
Press: ? - help, Shift-Dir - straight line, f/p - sky beast
Aim: a sky beast (lightly wounded, slightly transparent, haloed)
You shoot a bolt. The bolt hits the sky beast.
The sky beast is moderately wounded.
The sky beast hits you.
You die...

. ####...##
..###..#.##.###
#...........###..# ##
..........## #.##
#.##.......#.# #.#
...#....###..# #.#
.....####...####.#
#.....Y....##.##
#....@...#.##.#
#.......##....#
##...≈≈####....#
#....≈).$.P....#
#....≈≈####....# #
##.....((# ####.#
..##......).### ##.###
#.....>.......#######.#
#.....(..((.........##


You could see a sky beast (invisible).

Vanquished Creatures
  3 ogres
  A centaur (D:6)
  A giant frog (D:3)
  2 crimson imps
  2 hounds (D:5)
  2 orc wizards (D:3)
  2 worker ants
  4 gnolls (D:3)
  7 adders
  A shadow imp (D:5)
  An adder skeleton (D:4)
  7 worms
  2 giant geckos (D:5)
  9 orcs
  4 giant cockroaches
  3 goblins
  7 hobgoblins
  7 jackals
  7 kobolds
  4 quokkas
  A ball python (D:1)
  7 bats
  A giant gecko skeleton (D:5)
  5 giant newts
  A quokka skeleton (D:4)
  5 rats
96 creatures vanquished.

Notes
Turn   | Place    | Note
--------------------------------------------------------------
     0 | D:1      | Reinor the Centaur Hunter began the quest for the Orb.
     0 | D:1      | Reached XP level 1. HP: 17/17 MP: 1/1
   509 | D:1      | Reached XP level 2. HP: 19/24 MP: 2/2
   653 | D:1      | Reached skill level 5 in Crossbows
   910 | D:2      | Found a white marble altar of Elyvilon.
  1217 | D:1      | Reached XP level 3. HP: 10/29 MP: 3/3
  1431 | D:2      | Found a shimmering altar of Xom.
  2005 | D:2      | Reached skill level 6 in Crossbows
  2062 | D:2      | Reached XP level 4. HP: 24/36 MP: 4/4
  2101 | D:2      | Found a glowing silver altar of Zin.
  2743 | D:3      | Reached skill level 7 in Crossbows
  2743 | D:3      | Reached XP level 5. HP: 41/41 MP: 5/5
  2964 | D:3      | Found a faded altar to an unknown god.
  2986 | D:3      | Found a shattered altar of Ashenzari.
  3407 | D:3      | Found a blossoming altar of Fedhas.
  3408 | D:3      | Found a glowing golden altar of the Shining One.
  3414 | D:3      | Became a worshipper of the Shining One
  3500 | D:3      | Reached skill level 8 in Crossbows
  3500 | D:3      | Reached XP level 6. HP: 18/48 MP: 6/6
  4124 | D:4      | Learned a level 2 spell: Repel Missiles
  4798 | D:5      | Entered Level 5 of the Dungeon
  4877 | D:5      | Reached skill level 9 in Crossbows
  4941 | D:5      | Reached XP level 7. HP: 55/55 MP: 7/7
  5512 | D:5      | Found a staircase to the Ecumenical Temple.
  5676 | D:5      | Found a burning altar of Makhleb.
  5676 | D:5      | Reached * piety under the Shining One
  5702 | D:5      | Found a radiant altar of Vehumet.
  5711 | D:5      | Reached skill level 10 in Crossbows
  5892 | D:6      | Reached skill level 1 in Evocations
  5996 | D:6      | HP: 1/55 [sky beast (6)]
  5997 | D:6      | Slain by a sky beast

Vault maps used:
D:1:      lemuel_arrival_river_ford
D:2:      lemuel_crystal_altar, nicolae_overflow_crystal_walls,
          lemuel_crystal_altar, first_bread
D:3:      ashenzari_conservatory_becter, gammafunk_temple_overflow_statue,
          ecumenical_altar_2
D:5:      grunt_temple_overflow_lords_of_destruction,
          minmay_temple_entry_poolview, bh_chokoban
D:6:      nicolae_ossuary_entry_false_entrances, kb_lookout_dungeons_type,
          nrook_loot_triangle, serial_bayou_pond_e, minmay_strange_pillars,
          nicolae_gozag_seed_capital

Action                   |  1- 3 |  4- 6 |  7- 9 || total
-------------------------+-------+-------+-------++-------
Melee: Short sword       |   137 |   162 |       ||   299
       Spear             |       |       |   103 ||   103
 Fire: Hand crossbow     |     7 |    79 |    13 ||    99
  Use: Potion            |     1 |       |     1 ||     2
       Scroll            |       |    11 |     6 ||    17
  Eat: Chunk             |     3 |     7 |     3 ||    13
